 Dungeon Crawl Stone Soup version 0.29-a0-330-g52719c12eb (webtiles) character file.

Game seed: 18023291069509041126

271772 Charly the Whirler (level 19, 0/168 HPs)
             Began as a Demonspawn Wanderer on Apr 26, 2022.
             Was an Initiate of Gozag.
             Slain by a deep elf blademaster
             ... wielding a +1 vorpal rapier
              (30 damage)
             ... on level 2 of the Elven Halls.
             The game lasted 02:23:40 (51433 turns).

Charly the Whirler (Demonspawn Wanderer)           Turns: 51433, Time: 02:23:41

Health: 0/168      AC: 18    Str: 19    XL:     19   Next: 46%
Magic:  1/19       EV: 17    Int: 21    God:    Gozag
Gold:   3500       SH: 31    Dex: 32    Spells: 18/18 levels left

rFire   + + +      SeeInvis .   a - +2 scimitar (flame)
rCold   + . .      Faith    .   Z - +2 shield of Resistance {rF++ rC++ Will++}
rNeg    . . .      Spirit   .   D - +2 fire dragon scales of Greed {Rampage rPois rF++ rC- Dex+7 Slay+2}
rPois   +          Reflect  +   F - +2 hat
rElec   .          Harm     .   (cloak unavailable)
rCorr   +          Rampage  +   W - +2 pair of gloves {hurl}
Will    ++++.                   d - +2 pair of boots
Stlth   +.........              J - amulet of reflection
HPRegen 0.38/turn               C - ring "Tuaryedgh" {rF+ rCorr Str+6}
MPRegen 0.16/turn               X - ring "Qecky" {Int+6 Dex+6}

@: brilliant, gold aura, on berserk cooldown, hasted and slowed, studying
Crossbows, unable to read
A: large bone plates 3, spiny 2, demonic magic 1, demonic willpower, weakness
stinger 3, horns 1, deformed body, robust 1, inability to read while threatened
}: 2/15 runes: decaying, gossamer
a: Renounce Religion, Potion Petition, Call Merchant, Bribe Branch


You were on level 2 of the Elven Halls.
You worshipped Gozag.
Gozag was most pleased with you.
You visited 7 branches of the dungeon, and saw 34 of its levels.
You also visited: Bailey and Ice Cave.

You collected 14308 gold pieces.
You spent 5138 gold pieces at shops.
You paid 5670 gold pieces to Gozag.

Inventory:

Hand Weapons
 a - a +2 scimitar of flaming (weapon)
 b - the +8 fustibalus of Ulolelu {flame, rF+ Str+4}
   (You found it in a bailey)

   Any ammunition fired from it burns those it strikes, dealing additional fire
   damage.
   Str:       It affects your strength (+4).
   rF:        It protects you from fire.
Missiles
 G - 2 throwing nets (quivered)
Armour
 d - a +2 pair of boots (worn)
 D - the +2 fire dragon scales of Greed (worn) {Rampage rPois rF++ rC- Dex+7 Slay+2}
   (You bought it in a shop on level 9 of the Dungeon)

   Dex:       It affects your dexterity (+7).
   Slay:      It affects your accuracy & damage with ranged weapons and melee
   (+2).
   rF:        It greatly protects you from fire.
   rC:        It makes you vulnerable to cold.
   rPois:     It protects you from poison.
   Rampage:   It bestows one free step when moving towards enemies.
 F - a +2 hat (worn)
 W - a +2 pair of gloves of hurling (worn)
 Z - the +2 shield of Resistance (worn) {rF++ rC++ Will++}
   (You bought it in a shop on level 2 of the Orcish Mines)

   rF:        It greatly protects you from fire.
   rC:        It greatly protects you from cold.
   Will:      It greatly increases your willpower.
Jewellery
 c - a ring of protection from cold
 i - a ring of see invisible
 n - a ring of positive energy
 C - the ring "Tuaryedgh" (left hand) {rF+ rCorr Str+6}
   (You found it on level 2 of the Swamp)

   [ring of strength]

   Str:       It affects your strength (+6).
   rF:        It protects you from fire.
   rCorr:     It protects you from acid and corrosion.
 H - a ring of resist corrosion
 J - an amulet of reflection (around neck)
 X - the ring "Qecky" (right hand) {Int+6 Dex+6}
   (You found it on level 2 of the Elven Halls)

   [ring of intelligence]

   Int:       It affects your intelligence (+6).
   Dex:       It affects your dexterity (+6).
Wands
 e - a wand of acid (9)
 k - a wand of mindburst (5)
 p - a wand of charming (5)
 v - a wand of polymorph (2)
 L - a wand of iceblast (12)
 R - a wand of flame (48)
Scrolls
 g - 2 scrolls of brand weapon
 l - 10 scrolls of immolation
 r - 7 scrolls of vulnerability
 s - a scroll of silence
 y - 12 scrolls of teleportation
 N - 4 scrolls of blinking
 O - 7 scrolls of fog
 P - 4 scrolls of fear
 S - 4 scrolls of magic mapping
 T - 19 scrolls of identify
 U - a scroll of enchant weapon
 V - 6 scrolls of enchant armour
Potions
 f - 8 potions of brilliance
 m - 3 potions of invisibility
 o - 4 potions of ambrosia
 q - 5 potions of attraction
 t - 4 potions of might
 u - 5 potions of cancellation
 w - a potion of magic
 x - 10 potions of curing
 E - 12 potions of haste
 I - 9 potions of flight
 K - 9 potions of heal wounds
 M - 5 potions of lignification
Miscellaneous
 h - a condenser vane
 z - a lightning rod (4/4)
 A - a phantom mirror
 B - a box of beasts


   Skills:
 + Level 14.7 Fighting
 - Level 14.0 Long Blades
 - Level 1.0 Polearms
 - Level 15.9(16.0) Slings
 - Level 1.7(10.5) Throwing
 - Level 10.0 Armour
 + Level 8.5 Dodging
 - Level 2.0 Stealth
 * Level 13.7 Shields
 - Level 1.2 Invocations
 + Level 14.7 Evocations


You had 18 spell levels left.
You didn't know any spells.
Your spell library contained the following spells:

 Spells                   Type           Power      Damage    Failure   Level
 Apportation              Tloc           0%         N/A       71%         1
 Foxfire                  Conj/Fire      0%         2x1d4     71%         1
 Freeze                   Ice            0%         1d3       71%         1
 Pain                     Necr           0%         1d4       71%         1
 Sandblast                Erth           0%         2d4       71%         1
 Corpse Rot               Necr/Air       0%         N/A       83%         2
 Passwall                 Tmut/Erth      0%         N/A       83%         2
 Poisonous Vapours        Pois/Air       0%         N/A       83%         2
 Sublimation of Blood     Necr           0%         N/A       83%         2
 Wereblood                Tmut           0%         N/A       83%         2
 Confusing Touch          Hex            0%         N/A       97%         3
 Conjure Flame            Conj/Fire      0%         6-21      97%         3
 Dazzling Flash           Conj/Hex       0%         N/A       97%         3
 Frozen Ramparts          Ice            0%         1d2       97%         3
 Ignite Poison            Fire/Tmut/Pois 0%         N/A       97%         3
 Inner Flame              Hex/Fire       0%         N/A       97%         3
 Mephitic Cloud           Conj/Pois/Air  0%         N/A       97%         3
 Stone Arrow              Conj/Erth      0%         3d7       97%         3
 Tukima's Dance           Hex            0%         N/A       97%         3
 Airstrike                Air            0%         N/A       100%        4
 Anguish                  Hex/Necr       0%         N/A       100%        4
 Animate Armour           Summ/Erth      0%         N/A       100%        4
 Cause Fear               Hex            0%         N/A       100%        4
 Flame Wave               Conj/Fire      0%         2d4       100%        4
 Hailstorm                Conj/Ice       0%         3d3       100%        4
 Petrify                  Tmut/Erth      0%         N/A       100%        4
 Summon Lightning Spire   Summ/Air       0%         N/A       100%        4
 Agony                    Necr           0%         N/A       100%        5
 Alistair's Intoxication  Tmut/Pois      0%         N/A       100%        5
 Blade Hands              Tmut           0%         N/A       100%        5
 Borgnjor's Vile Clutch   Necr/Erth      0%         N/A       100%        5
 Excruciating Wounds      Necr           0%         N/A       100%        5
 Freezing Cloud           Conj/Ice/Air   0%         6-21      100%        5
 Irradiate                Conj/Tmut      0%         3d13      100%        5
 Lightning Bolt           Conj/Air       0%         1d11      100%        5
 Metabolic Englaciation   Hex/Ice        0%         N/A       100%        5
 Summon Forest            Summ/Tloc      0%         N/A       100%        5
 Yara's Violent Unravell  Hex/Tmut       0%         3d3       100%        5
 Dispersal                Tloc           0%         N/A       100%        6
 Eringya's Noxious Bog    Tmut/Pois      0%         N/A       100%        6
 Starburst                Conj/Fire      0%         6d3       100%        6
 Statue Form              Tmut/Erth      0%         N/A       100%        6
 Dragon Form              Tmut           0%         N/A       100%        7
 Enfeeble                 Hex            0%         N/A       100%        7
 Malign Gateway           Summ/Tloc      0%         N/A       100%        7
 Summon Hydra             Summ           0%         N/A       100%        7
 Discord                  Hex            0%         N/A       100%        8
 Disjunction              Tloc           0%         N/A       100%        8
 Lehudib's Crystal Spear  Conj/Erth      0%         10d2      100%        8
 Summon Horrible Things   Summ           0%         N/A       100%        8


Dungeon Overview and Level Annotations

Branches:
Dungeon (15/15)            Temple (1/1) D:7            Lair (6/6) D:11
  Swamp (4/4) Lair:3       Spider (4/4) Lair:3        Slime (0/5) Lair:5
    Orc (2/2) D:9             Elf (2/3) Orc:2        Vaults (0/5) D:14
 Depths (0/4) D:15         Bailey (visited)           IceCv (visited)

Altars:
Ashenzari
Cheibriados
Dithmenos
Elyvilon
Fedhas
Gozag
Hepliaklqana
Kikubaaqudgha
Makhleb
Nemelex Xobeh
Okawaru
Qazlal
Ru
Sif Muna
Trog
Uskayaw
Vehumet
Wu Jian
Xom
Yredelemnul
Zin
The Shining One
Beogh

Shops:
D:9 (([   Orc:2 [=!?   Elf:1 :=:   Lair:3 !

Annotations:
D:15 3 runed translucent doors, qborf's ghost, journeyman PaAK
Elf:2 1 transporter, SlaveLabor's ghost, adept MiBe


Innate Abilities, Weirdness & Mutations

You are completely covered in large bone plates. (SH +8)
You are mostly covered in sharp spines.
Spells you cast may paralyse adjacent enemies.
You punish those that try to bend your will. (Will+)
You have a sharp stinger which inflicts weakening toxins.
You have a pair of small horns on your head.
Armour fits poorly on your strangely shaped body.
You are robust. (+10% HP)
You sometimes lose the ability to read scrolls when taking damage.


Message History

The deep elf blademaster hits you with a +1 antimagic rapier.
You block the deep elf blademaster's attack. x2
The deep elf blademaster hits you with a +0 antimagic rapier!
* * * LOW HITPOINT WARNING * * *
You block the deep elf blademaster's attack.
The deep elf blademaster hits you with a +0 rapier.
* * * LOW HITPOINT WARNING * * *
The deep elf blademaster is struck by your spines.
You kill the deep elf blademaster!
The deep elf blademaster hits you with a +1 vorpal rapier!!
You feel threatened and lose the ability to read scrolls!
* * * LOW HITPOINT WARNING * * *
x2 The deep elf blademaster hits you with a +0 antimagic rapier!
* * * LOW HITPOINT WARNING * * *
The deep elf blademaster is struck by your spines.
You kill the deep elf blademaster!
Items here: $ )) [.
You feel a strong urge to attack something.
You are no longer berserk.
You are exhausted.
You feel yourself slow down.
You block the deep elf blademaster's attack. x2
Press: ? - help, v - describe, . - travel
Here: SlaveLabor's ghost, wielding a weapon of protection The floor.
Unknown command.
Unknown command.
Okay, then.
Okay, then.
Unknown command. [a] - 437 gold - haste, heal wounds and brilliance [b] - 432 gold - heal wounds, magic and curing [c] - 250 gold - heal wounds and berserk rage Purchase which effect?
You feel yourself speed up.
You feel much better.
You feel clever all of a sudden.
The deep elf blademaster is struck by your spines.
The deep elf blademaster hits you with a +1 vorpal rapier!!
You die...
Your body crumbles into a pile of gold.

#.....## ##..###...###..##
.......# #..##.....####..#
.......####..#....###..#..#
.......>##..##....#≈#..##.##
.......###..#....$:?....#..##
.......# #)©#©$..._?...W#©(.#
#.....## #..#$.#≈.[$##..#...#
'.....'###..##y###W#§#.##.#.#
###'###.###..##e@..#####....#
# #.# ##.##..##.....# ##...##
#)# ##.##..###.©.###..#.# #.#
##.#....#####......# #)#
##.#...........#.## ###[#
##[##.......##..# .##[#
##.##...#####.## ....##
##'.....####.# ...<.###
##...........#


You could see a deep elf blademaster (berserk), a moth of wrath and SlaveLabor's
ghost.

Vanquished Creatures
  Saint Roka (Orc:2)
  Nikola (Lair:3)
  Jorgrun (D:14)
  Rupert (D:12)
  2 deep elf blademasters (Elf:2)
  Agnes (D:15)
  3 thorn hunters
  2 fenstrider witches
  7 emperor scorpions
  A deep elf sorcerer (Elf:1)
  An orc warlord (Orc:1)
  6 ghost moths
  2 broodmothers
  2 vampire knights (Swamp:4)
  2 entropy weavers
  8 eleionomae
  4 bunyips
  Snorg (D:14)
  A spark wasp (Spider:2)
  2 fire dragons (Swamp:2)
  A yaktaur captain (D:13)
  3 shambling mangroves (Swamp:4)
  Harold (D:9)
  5 vault guards (D:14)
  8 boulder beetles
  2 jorogumos (Spider:4)
  Erolcha (D:10)
  Erica (D:8)
  2 catoblepae
  16 hydras
  A ghost crab (Swamp:2)
  8 centaur warriors
  2 radroaches
  A two-headed ogre (D:12)
  A death knight (D:15)
  3 tengu warriors
  10 death yaks (Lair:4)
  4 alligators (Swamp:2)
  4 orc high priests (Orc:2)
  11 deep elf knights
  4 sun moths
  9 pharaoh ants
  2 skeletal warriors (D:15)
  5 orb spiders
  9 spriggan druids
  10 swamp dragons
  3 spectral hydras (Swamp:4)
  A flayed ghost (Swamp:4)
  4 goliath frogs
  6 orc knights
  11 steelbarb worms
  6 deep elf archers
  5 bog bodies
  A wizard (Elf:1)
  An iron dragon zombie (D:15)
  3 phantasmal warriors
  20 deep elf zephyrmancers
  23 deep elf pyromancers
  3 lindwurms (Swamp:2)
  3 oklob plants (Swamp:4)
  2 necromancers
  9 ugly things
  A fire giant zombie (D:15)
  4 manticores
  9 orc sorcerers
  A shining eye (Spider:1)
  19 wolf spiders
  7 cyclopes
  A will-o-the-wisp (Swamp:3)
  The ghost of Anon1729 the Ducker, a novice DjVM (D:6)
  8 elephants
  6 moths of wrath
  An elephant (shapeshifter) (D:13)
  3 ice statues (IceCv)
  An iron dragon skeleton (D:15)
  Maurice (Orc:1)
  5 black mambas
  4 torpor snails
  12 cane toads
  3 gargoyles
  2 unseen horrors (D:13)
  4 demonic crawlers
  3 rime drakes
  3 freezing wraiths
  An anaconda simulacrum (IceCv)
  An efreet (D:13)
  A spriggan zombie (D:15)
  5 large abominations (Elf:1)
  8 komodo dragons
  An entropy weaver simulacrum (IceCv)
  6 polar bears
  A troll (shapeshifter) (D:13)
  4 hydra zombies (Swamp:4)
  6 tyrant leeches
  5 tengu conjurers
  7 trolls
  2 meliai (D:13)
  23 tarantellas
  13 hornets
  7 dream sheep (Lair:6)
  Prince Ribbit (D:8)
  9 blink frogs
  12 slime creatures
  A hydra skeleton (Swamp:4)
  A death drake skeleton (Swamp:4)
  7 small abominations (Elf:1)
  2 shadows
  25 jumping spiders
  21 spriggans
  2 water elementals (D:14)
  A wraith (D:10)
  24 culicivoras
  3 vampires
  41 yaks
  3 wyverns
  4 basilisks
  6 fire elementals
  6 humans (D:14)
  3 steam dragons
  18 vampire mosquitoes
  47 redbacks
  A death yak simulacrum (IceCv)
  A warg (shapeshifter) (D:13)
  17 swamp worms
  8 wargs
  3 hydra simulacra (Swamp:4)
  A two-headed ogre zombie (D:9)
  3 acid dragons
  21 water moccasins
  A hell hound (Spider:1)
  46 orc warriors
  A floating eye (D:10)
  6 ice beasts
  3 sky beasts
  8 swamp drakes
  10 ogres
  A tengu (shapeshifter) (D:15)
  6 black bears
  28 wolves
  7 boggarts
  3 swamp dragon zombies (Swamp:4)
  9 centaurs
  3 phantoms
  A kobold brigand (D:6)
  8 bullfrogs
  4 scorpions (D:4)
  A wyvern zombie (D:7)
  4 earth elementals
  3 necrophages
  A water moccasin zombie (D:7)
  3 wights (D:9)
  3 elephant simulacra (IceCv)
  11 killer bees
  A troll zombie (D:9)
  6 electric eels
  12 howler monkeys
  6 wolf zombies (Bailey)
  7 vampire bats (Bailey)
  13 jellies (Lair:5)
  2 centaur zombies (D:7)
  4 hounds
  28 orc priests
  A bullfrog zombie (D:7)
  A gnoll shaman (D:4)
  3 iguanas
  22 orc wizards
  6 ogre zombies (D:9)
  2 howler monkey zombies (D:7)
  12 gnolls
  10 adders
  A shadow imp (D:8)
  2 white imps
  A howler monkey simulacrum (D:8)
  4 worms
  118 orcs
  5 ball pythons
  7 bats
  5 endoplasms
  5 giant cockroaches
  7 goblins
  10 hobgoblins
  6 jackals (D:4)
  5 kobolds
  A quokka (D:4)
  3 frilled lizards
  3 goblin skeletons (D:9)
  3 goblin zombies (D:9)
  A hobgoblin skeleton (D:9)
  5 hobgoblin zombies (D:9)
  3 orc skeletons (D:9)
  32 orc zombies
  6 rats
1296 creatures vanquished.

Vanquished Creatures (collateral kills)
  Bai Suzhen (Swamp:4)
  Donald (Spider:1)
  Louise (D:14)
  An emperor scorpion (Spider:4)
  A ghost moth (Spider:4)
  A frost giant (D:13)
  Azrael (Spider:1)
  An entropy weaver (Spider:4)
  Fannar (D:12)
  A hydra (D:6)
  3 dancing weapons (Elf:2)
  A pharaoh ant (Spider:4)
  2 wolf spiders
  A deep elf pyromancer (Elf:2)
  A cyclops (D:15)
  A faun (Spider:3)
  A gargoyle (D:13)
  A freezing wraith (D:14)
  3 demonic crawlers (Spider:3)
  A troll (Orc:1)
  3 tarantellas
  A hornet (Swamp:4)
  2 jumping spiders
  3 culicivoras
  A water elemental (D:14)
  7 redbacks
  A hell hound (Spider:1)
  An orc warrior (Orc:1)
  A centaur (D:15)
  An orc priest (Orc:2)
  An orc wizard (Orc:1)
  2 orcs (Orc:1)
  2 goblin zombies (D:9)
51 creatures vanquished.

Vanquished Creatures (others)
  An emperor scorpion (Spider:4)
  22 dancing weapons
  A deep elf knight (Elf:2)
  2 wolf spiders
  A deep elf pyromancer (Elf:2)
  A deep elf zephyrmancer (Elf:2)
  A manticore (D:13)
  A black mamba (Lair:3)
  A hornet (D:9)
  A human (D:14)
  A redback (Lair:3)
  A black bear (D:6)
  A killer bee (D:9)
  8 foxfires (Swamp:3)
  19 fungi
  42 plants
  8 withered plants (D:15)
112 creatures vanquished.

Grand Total: 1459 creatures vanquished

Notes
Turn   | Place    | Note
-------+----------+-------------------------------------------
     0 | D:1      | Charly the Demonspawn Wanderer began the quest for the Orb.
     0 | D:1      | Charly set off with the following items: a +0 spear, a +2
                  | buckler, 9 poisoned darts, a +0 dagger, a scroll of fog, a
                  | +0 robe
     0 | D:1      | Reached XP level 1. HP: 15/15 MP: 1/1
   106 | D:1      | Found a faded altar of an unknown god.
   289 | D:1      | Reached skill level 1 in Stealth
   445 | D:1      | Gained mutation: You are partially covered in large bone
                  | plates. (SH +4) [demonic ancestry]
   445 | D:1      | Reached XP level 2. HP: 21/21 MP: 2/2
   938 | D:2      | Reached XP level 3. HP: 27/27 MP: 3/3
  1144 | D:2      | Found a snail-covered altar of Cheibriados.
  2040 | D:3      | Noticed a necrophage
  2088 | D:3      | Noticed an orc warrior
  2450 | D:3      | Reached XP level 4. HP: 30/35 MP: 4/4
  2799 | D:3      | Noticed Sigmund
  2996 | D:3      | Killed a necrophage
  2997 | D:3      | Gained mutation: You have a small tail. [demonic ancestry]
  2997 | D:3      | Reached XP level 5. HP: 41/41 MP: 5/5
  3579 | D:2      | Found a snail-covered altar of Cheibriados.
  3929 | D:3      | Reached skill level 1 in Long Blades
  4371 | D:4      | Reached XP level 6. HP: 47/47 MP: 6/6
  4402 | D:4      | Reached skill level 5 in Evocations
  4913 | D:4      | Gained mutation: Spells you cast may paralyse adjacent
                  | enemies. [demonic ancestry]
  4913 | D:4      | Reached XP level 7. HP: 43/52 MP: 7/7
  5223 | D:5      | Entered Level 5 of the Dungeon
  5386 | D:5      | Reached skill level 5 in Long Blades
  5700 | D:5      | Gained mutation: You have a tail ending in a sharp stinger.
                  | [demonic ancestry]
  5700 | D:5      | Reached XP level 8. HP: 36/58 MP: 8/8
  5976 | D:5      | Found a sacrificial altar of Ru.
  6285 | D:3      | Noticed Sigmund
  6285 | D:3      | Sigmund changed into Sigmund the howler monkey
  6294 | D:3      | Killed Sigmund the howler monkey
  6327 | D:3      | Found a snail-covered altar of Cheibriados.
  6704 | D:6      | Found a runed translucent gate.
  6704 | D:6      | Found an opulent altar of Gozag.
  6705 | D:6      | Found a runed translucent gate.
  6706 | D:6      | Found a runed translucent gate.
  6706 | D:6      | Noticed a seven-headed hydra
  6706 | D:6      | Noticed Anon1729's ghost (novice DjVM)
  6706 | D:6      | Noticed a boulder beetle
  6830 | D:6      | Reached skill level 1 in Armour
  6830 | D:6      | Reached skill level 1 in Dodging
  7623 | D:6      | Noticed Eustachio
  7624 | D:6      | Noticed Eustachio
  7624 | D:6      | Eustachio changed into Eustachio the bullfrog
  7632 | D:6      | Killed Eustachio the bullfrog
  7913 | D:6      | Gained mutation: You are mostly covered in large bone
                  | plates. (SH +6) [demonic ancestry]
  7913 | D:6      | Reached XP level 9. HP: 61/65 MP: 9/9
  8283 | D:7      | Found a staircase to the Ecumenical Temple.
  8290 | Temple   | Entered the Ecumenical Temple
  8393 | Temple   | Became a worshipper of Gozag Ym Sagoz the Greedy
  8547 | D:7      | Noticed Maggie
  8548 | D:7      | Noticed Maggie
  8548 | D:7      | Maggie changed into Maggie the warg
  8557 | D:7      | Killed Maggie the warg
  8566 | D:7      | You fall into a shaft and drop 1 floor!
  8591 | D:8      | Found a stormy altar of Qazlal.
  8806 | D:7      | Found a basalt altar of Yredelemnul.
  8813 | D:7      | Reached skill level 5 in Fighting
  9511 | D:8      | Noticed Prince Ribbit
  9741 | D:8      | Noticed Erica
  9764 | D:8      | Gained mutation: You have a sharp stinger which inflicts
                  | weakening toxins. [demonic ancestry]
  9764 | D:8      | Reached XP level 10. HP: 72/74 MP: 10/10
  9795 | D:8      | Reached skill level 5 in Shields
 10143 | D:8      | Killed Prince Ribbit
 10332 | D:8      | Killed Erica
 10333 | D:8      | Reached skill level 10 in Long Blades
 10370 | D:9      | Noticed a five-headed hydra
 10379 | D:9      | Killed a four-headed hydra
 10406 | D:9      | Noticed Harold
 10413 | D:9      | Killed Harold
 10455 | D:9      | Found a flagged portal.
 10478 | Bailey   | Entered a bailey
 11041 | Bailey   | Noticed a gargoyle
 11099 | Bailey   | Identified the +6 scale mail "Cosahaeg" {Harm rF- rC++
                  | Regen+}
 11537 | Bailey   | Identified the +8 fustibalus of Ulolelu {flame, rF+ Str+4}
 11637 | Bailey   | Killed a gargoyle
 11638 | Bailey   | Gained mutation: You are partially covered in sharp spines.
                  | [demonic ancestry]
 11638 | Bailey   | Reached XP level 11. HP: 31/84 MP: 11/11
 11905 | D:9      | Reached skill level 1 in Slings
 12074 | D:9      | Reached skill level 2 in Slings
 12234 | D:9      | Found a staircase to the Orcish Mines.
 12540 | D:9      | Found a shimmering altar of Xom.
 12680 | D:10     | Entered Level 10 of the Dungeon
 12708 | D:10     | Reached skill level 3 in Slings
 12785 | D:10     | Noticed Urug
 12959 | D:10     | Noticed Erolcha
 12975 | D:10     | Killed Erolcha
 12983 | D:10     | Reached skill level 4 in Slings
 13122 | D:10     | Noticed Urug
 13122 | D:10     | Urug changed into Urug the floating eye
 13124 | D:10     | Killed Urug the floating eye
 14061 | D:11     | Found a frozen archway.
 14070 | IceCv    | Entered an ice cave
 14253 | IceCv    | Reached skill level 5 in Slings
 14618 | IceCv    | Noticed a white ugly thing
 14623 | IceCv    | Killed a white ugly thing
 14627 | IceCv    | Reached skill level 6 in Slings
 14846 | D:11     | Found a staircase to the Lair.
 15365 | D:11     | Reached XP level 12. HP: 86/94 MP: 12/12
 15719 | D:11     | Noticed a four-headed hydra
 15726 | D:11     | Killed a one-headed hydra
 16113 | Lair:1   | Entered Level 1 of the Lair of Beasts
 16245 | Lair:1   | Reached skill level 7 in Slings
 17343 | Lair:2   | Reached skill level 8 in Slings
 17502 | Lair:2   | Reached skill level 10 in Evocations
 17954 | Lair:2   | Reached skill level 9 in Slings
 18045 | Lair:2   | Found a shimmering altar of Xom.
 18075 | Lair:2   | Reached skill level 10 in Fighting
 18148 | Lair:3   | Noticed an eight-headed hydra
 18206 | Lair:3   | Noticed a seven-headed hydra
 18236 | Lair:3   | Killed a five-headed hydra
 18667 | Lair:3   | Killed a five-headed hydra
 18668 | Lair:3   | Reached XP level 13. HP: 96/103 MP: 13/13
 18922 | Lair:3   | Found a hole to the Spider Nest.
 19225 | Lair:3   | Found a staircase to the Swamp.
 19863 | Lair:4   | Reached skill level 5 in Armour
 19953 | Lair:4   | Reached skill level 10 in Slings
 19993 | Lair:4   | Reached skill level 5 in Dodging
 20397 | Lair:4   | Reached skill level 11 in Slings
 20812 | Lair:5   | Found a staircase to the Slime Pits.
 21669 | Lair:6   | Entered Level 6 of the Lair of Beasts
 21757 | Lair:6   | Paralysed by a hornet for 2 turns
 21797 | Lair:6   | Reached skill level 12 in Slings
 22216 | Lair:6   | Reached XP level 14. HP: 75/111 MP: 14/14
 23886 | D:6      | Killed Anon1729's ghost
 23887 | D:6      | Reached skill level 13 in Slings
 24294 | D:12     | Noticed Rupert
 24304 | D:12     | Killed Rupert
 25392 | D:12     | Noticed Fannar
 25400 | D:12     | Killed Fannar
 26842 | D:13     | Noticed a frost giant
 26849 | D:13     | Killed a frost giant
 26920 | D:13     | Reached skill level 14 in Slings
 26935 | D:13     | Reached XP level 15. HP: 110/119 MP: 15/15
 27331 | D:14     | Identified the +3 chain mail "Zulil" {rPois rF- rCorr}
 27784 | D:14     | Noticed Snorg
 27792 | D:14     | Killed Snorg
 27805 | D:14     | Noticed Jorgrun
 27814 | D:14     | Killed Jorgrun
 28581 | D:14     | Found a gate to the Vaults.
 28661 | D:14     | Noticed Louise
 28668 | D:14     | Killed Louise
 28711 | D:15     | Entered Level 15 of the Dungeon
 28918 | D:15     | Noticed Agnes
 28932 | D:15     | Killed Agnes
 29106 | D:15     | Noticed qborf's ghost (journeyman PaAK)
 29110 | D:15     | Found a runed translucent gate.
 29110 | D:15     | Found a runed translucent gate.
 29110 | D:15     | Found a runed translucent gate.
 29320 | D:15     | Reached skill level 15 in Slings
 29362 | D:15     | Found a staircase to the Depths.
 29577 | D:15     | Found a huge runed gate.
 29577 | D:15     | Found a huge runed gate.
 29578 | D:15     | Found a huge runed gate.
 29578 | D:15     | Found a huge runed gate.
 29578 | D:15     | Found a huge runed gate.
 29580 | D:15     | Found a huge runed gate.
 29580 | D:15     | Found a huge runed gate.
 29582 | D:15     | Found a huge runed gate.
 29582 | D:15     | Found a huge runed gate.
 29584 | D:15     | Found a huge runed gate.
 29584 | D:15     | Found a huge runed gate.
 29585 | D:15     | Found a huge runed gate.
 29586 | D:15     | Found a huge runed gate.
 29587 | D:15     | Found a huge runed gate.
 29670 | D:15     | Found a huge runed gate.
 29670 | D:15     | Found a huge runed gate.
 29670 | D:15     | Found a huge runed gate.
 29670 | D:15     | Found a huge runed gate.
 29670 | D:15     | Found a huge runed gate.
 29671 | D:15     | Found a huge runed gate.
 29675 | D:15     | Found a huge runed gate.
 29676 | D:15     | Found a huge runed gate.
 29808 | D:15     | Found a huge runed gate.
 29816 | D:15     | Found a huge runed gate.
 29816 | D:15     | Found a huge runed gate.
 29816 | D:15     | Found a huge runed gate.
 29816 | D:15     | Found a huge runed gate.
 29816 | D:15     | Found a huge runed gate.
 29816 | D:15     | Found a huge runed gate.
 29817 | D:15     | Found a huge runed gate.
 29830 | D:15     | Found a huge runed gate.
 29831 | D:15     | Found a huge runed gate.
 29839 | D:15     | Found a huge runed gate.
 29839 | D:15     | Found a huge runed gate.
 29839 | D:15     | Found a huge runed gate.
 29839 | D:15     | Found a huge runed gate.
 29963 | D:15     | Noticed a tengu reaver
 29963 | D:15     | Noticed a storm dragon
 29964 | D:15     | Noticed a tengu reaver
 29964 | D:15     | Noticed a tengu reaver
 30212 | Orc:1    | Entered Level 1 of the Orcish Mines
 30445 | Orc:2    | Entered Level 2 of the Orcish Mines
 30646 | Orc:1    | Noticed Maurice
 31217 | Orc:1    | Paralysed by Maurice for 2 turns
 31219 | Orc:1    | Killed Maurice
 31230 | Orc:1    | Noticed an orc warlord
 31239 | Orc:1    | Killed an orc warlord
 31361 | Orc:1    | Found Ysugerum's Armour Boutique.
 31364 | Orc:1    | Paralysed by an orc sorcerer for 6 turns
 31870 | Orc:2    | Gained mutation: You punish those that try to bend your
                  | will. (Will+) [demonic ancestry]
 31870 | Orc:2    | Reached XP level 16. HP: 129/129 MP: 16/16
 31884 | Orc:2    | Found a staircase to the Elven Halls.
 32339 | Orc:2    | Found Vybowk's Distillery.
 32346 | Orc:2    | Bought 2 potions of curing for 90 gold pieces
 32346 | Orc:2    | Bought a potion of curing for 45 gold pieces
 32346 | Orc:2    | Bought a potion of resistance for 150 gold pieces
 32346 | Orc:2    | Bought 2 potions of heal wounds for 150 gold pieces
 32346 | Orc:2    | Bought a potion of heal wounds for 75 gold pieces
 32346 | Orc:2    | Bought a potion of invisibility for 120 gold pieces
 32346 | Orc:2    | Bought a potion of flight for 45 gold pieces
 32346 | Orc:2    | Bought a potion of flight for 45 gold pieces
 32352 | Orc:2    | Found Zocykige's Magic Scroll Shop.
 32556 | Orc:2    | Bought a scroll of immolation for 42 gold pieces
 32556 | Orc:2    | Bought 2 scrolls of immolation for 84 gold pieces
 32556 | Orc:2    | Bought a scroll of teleportation for 36 gold pieces
 32556 | Orc:2    | Bought a scroll of immolation for 42 gold pieces
 32556 | Orc:2    | Bought a scroll of fog for 24 gold pieces
 32556 | Orc:2    | Bought a scroll of teleportation for 36 gold pieces
 32713 | Orc:2    | Found Kafougem's Jewellery Emporium.
 32822 | Orc:2    | Noticed Saint Roka
 32849 | Orc:2    | Killed Saint Roka
 33418 | Orc:2    | Found Etovama's Armour Shoppe.
 33430 | Orc:2    | Bought the +2 shield of Resistance {rF++ rC++ Will++} for
                  | 649 gold pieces
 33430 | Orc:2    | Found the +2 shield of Resistance {rF++ rC++ Will++}
 33776 | D:9      | Bought a dazzling falchion for 168 gold pieces
 33776 | D:9      | Identified the +7 falchion "Tormentor" {flame, Dex+4} (You
                  | bought it in a shop on level 9 of the Dungeon)
 33776 | D:9      | Bought a scorched hunting sling for 136 gold pieces
 33776 | D:9      | Identified the +7 hunting sling "Kifrush" {vorpal, Contam
                  | Fly rF+ Str+4} (You bought it in a shop on level 9 of the
                  | Dungeon)
 33783 | D:9      | Bought an ancient plate armour for 756 gold pieces
 33783 | D:9      | Identified the +0 plate armour of Doka {Str+4 Dex+7} (You
                  | bought it in a shop on level 9 of the Dungeon)
 33794 | D:9      | Bought faintly glowing fire dragon scales for 1755 gold
                  | pieces
 33794 | D:9      | Identified the +2 fire dragon scales of Greed {Rampage
                  | rPois rF++ rC- Dex+7 Slay+2} (You bought it in a shop on
                  | level 9 of the Dungeon)
 33955 | Spider:1 | Entered Level 1 of the Spider Nest
 33955 | Spider:1 | Noticed Nikola
 34011 | Swamp:1  | Entered Level 1 of the Swamp
 35064 | Swamp:1  | Identified the +4 ring mail "Yrghe Ysk" {Slay+2}
 35647 | Swamp:2  | Reached skill level 10 in Armour
 36113 | Swamp:2  | Identified the ring "Tuaryedgh" {rF+ rCorr Str+6}
 37129 | Swamp:3  | Noticed a thorn hunter
 37134 | Swamp:3  | Killed a thorn hunter
 37422 | Swamp:4  | Entered Level 4 of the Swamp
 37451 | Swamp:4  | Gained mutation: You are mostly covered in sharp spines.
                  | [demonic ancestry]
 37451 | Swamp:4  | Reached XP level 17. HP: 111/136 MP: 17/17
 37563 | Swamp:4  | Noticed Bai Suzhen
 37574 | Swamp:4  | Killed Bai Suzhen
 38770 | Swamp:4  | Reached skill level 10 in Shields
 39505 | Swamp:4  | Found a blossoming altar of Fedhas.
 39670 | Swamp:4  | Got a decaying rune of Zot
 39694 | Swamp:4  | Found a basalt altar of Yredelemnul.
 39866 | Lair:3   | Killed Nikola
 40274 | Lair:3   | Bought a potion of haste for 150 gold pieces
 40274 | Lair:3   | Bought a potion of haste for 150 gold pieces
 40274 | Lair:3   | Bought a potion of haste for 150 gold pieces
 40274 | Lair:3   | Bought a potion of ambrosia for 120 gold pieces
 41116 | Spider:1 | Noticed Donald
 41125 | Spider:1 | Noticed Azrael
 41128 | Spider:1 | Killed Donald
 41137 | Spider:1 | Killed Azrael
 41287 | Spider:1 | Gained mutation: You occasionally shout uncontrollably at
                  | your foes. [a shining eye]
 41289 | Spider:1 | Gained mutation: Armour fits poorly on your strangely
                  | shaped body. [a shining eye]
 41296 | Spider:1 | Lost mutation: You occasionally shout uncontrollably at
                  | your foes. [potion of mutation]
 41296 | Spider:1 | Lost mutation: Armour fits poorly on your strangely shaped
                  | body. [potion of mutation]
 41296 | Spider:1 | Gained mutation: You have sharp toenails. [potion of
                  | mutation]
 41296 | Spider:1 | Gained mutation: You are clumsy. (Dex -2) [potion of
                  | mutation]
 41296 | Spider:1 | Gained mutation: You are dopey. (Int -2) [potion of
                  | mutation]
 41296 | Spider:1 | Gained mutation: You are robust. (+10% HP) [potion of
                  | mutation]
 42266 | Spider:2 | Reached XP level 18. HP: 152/157 MP: 18/18
 42302 | Spider:2 | Identified the +9 long sword "Xonucs" {flame, rPois rN+
                  | rCorr Stlth+}
 44819 | Spider:4 | Entered Level 4 of the Spider Nest
 45880 | Spider:4 | Got a gossamer rune of Zot
 47029 | Elf:1    | Entered Level 1 of the Elven Halls
 47322 | Elf:1    | Found Dycilod's Book Shop.
 47323 | Elf:1    | Found Hoinwoyn's Jewellery Emporium.
 47324 | Elf:1    | Found Atorr's Book Shop.
 48190 | Elf:1    | Gained mutation: You are completely covered in large bone
                  | plates. (SH +8) [demonic ancestry]
 48190 | Elf:1    | Reached XP level 19. HP: 167/167 MP: 19/19
 48647 | Elf:1    | Got the Catalogue of Blows and Bruises
 49273 | Elf:2    | Found a runed translucent gate.
 49273 | Elf:2    | Found a runed translucent gate.
 49274 | Elf:2    | Found a runed translucent gate.
 50314 | Elf:2    | Found a transporter.
 50316 | Elf:2    | Found a bloodstained altar of Trog.
 50380 | Elf:2    | Identified the ring "Qecky" {Int+6 Dex+6}
 50383 | Elf:2    | Gained mutation: You do not regenerate when monsters are
                  | visible. [mutagenic glow]
 50395 | Elf:2    | Gained mutation: You are very dopey. (Int -4) [mutagenic
                  | glow]
 50411 | Elf:2    | Gained mutation: Armour fits poorly on your strangely
                  | shaped body. [mutagenic glow]
 50431 | Elf:2    | Gained mutation: Your magical capacity is low. (-10% MP)
                  | [mutagenic glow]
 50444 | Elf:2    | Gained mutation: Potions are less effective at restoring
                  | your health. [mutagenic glow]
 50445 | Elf:2    | Lost mutation: You are very dopey. (Int -4) [potion of
                  | mutation]
 50445 | Elf:2    | Lost mutation: You are dopey. (Int -2) [potion of mutation]
 50445 | Elf:2    | Lost mutation: You are clumsy. (Dex -2) [potion of
                  | mutation]
 50445 | Elf:2    | Gained mutation: You occasionally shout uncontrollably at
                  | your foes. [potion of mutation]
 50445 | Elf:2    | Gained mutation: Your mind is acute. (Int +2) [potion of
                  | mutation]
 50446 | Elf:2    | Lost mutation: Potions are less effective at restoring your
                  | health. [potion of mutation]
 50446 | Elf:2    | Lost mutation: Your magical capacity is low. (-10% MP)
                  | [potion of mutation]
 50446 | Elf:2    | Gained mutation: Your skin changes colour to match your
                  | surroundings (Stealth+). [potion of mutation]
 50447 | Elf:2    | Lost mutation: Your skin changes colour to match your
                  | surroundings (Stealth+). [potion of mutation]
 50447 | Elf:2    | Lost mutation: You do not regenerate when monsters are
                  | visible. [potion of mutation]
 50447 | Elf:2    | Lost mutation: You have sharp toenails. [potion of
                  | mutation]
 50447 | Elf:2    | Gained mutation: Your muscles are strong. (Str +2) [potion
                  | of mutation]
 50447 | Elf:2    | Gained mutation: You sometimes lose the ability to read
                  | scrolls when taking damage. [potion of mutation]
 50447 | Elf:2    | Gained mutation: You are very robust. (+20% HP) [potion of
                  | mutation]
 50447 | Elf:2    | Gained mutation: You have a somewhat thin skeletal
                  | structure. (Dex +2, Stealth+) [potion of mutation]
 50448 | Elf:2    | Lost mutation: Your muscles are strong. (Str +2) [potion of
                  | mutation]
 50448 | Elf:2    | Lost mutation: You are very robust. (+20% HP) [potion of
                  | mutation]
 50448 | Elf:2    | Gained mutation: You are clumsy. (Dex -2) [potion of
                  | mutation]
 50449 | Elf:2    | Lost mutation: Your mind is acute. (Int +2) [potion of
                  | mutation]
 50449 | Elf:2    | Lost mutation: You occasionally shout uncontrollably at
                  | your foes. [potion of mutation]
 50449 | Elf:2    | Lost mutation: You are clumsy. (Dex -2) [potion of
                  | mutation]
 50449 | Elf:2    | Gained mutation: You have hidden genetic potential. [potion
                  | of mutation]
 50449 | Elf:2    | Gained mutation: You have large cloven feet. [potion of
                  | mutation]
 50751 | Lair:3   | Bought a potion of mutation for 120 gold pieces
 50751 | Lair:3   | Lost mutation: You have a somewhat thin skeletal structure.
                  | (Dex +2, Stealth+) [potion of mutation]
 50751 | Lair:3   | Lost mutation: You have large cloven feet. [potion of
                  | mutation]
 50751 | Lair:3   | Lost mutation: You have hidden genetic potential. [potion
                  | of mutation]
 50751 | Lair:3   | Gained mutation: You have a pair of small horns on your
                  | head. [potion of mutation]
 51052 | Elf:2    | Noticed SlaveLabor's ghost (adept MiBe)
 51071 | Elf:2    | Found a transporter.
 51433 | Elf:2    | Slain by a deep elf blademaster

Illustrated notes

Levels and vault maps discovered:
D:1:      lemuel_arrival_rhombus, layout_rooms, basic_ecumenical_altar,
          kennysheep_pointless_box
D:2:      layout_loops_corners, basic_altar
D:3:      layout_rooms, general_overflow_altar, serial_co_window_serial,
          co_window_paths_a, co_window_paths_b, co_window_corner_a,
          co_window_paths_a, co_window_paths_a, co_window_paths_a,
          co_window_paths_b, co_window_corner_b, co_window_of_opportunity_b,
          co_window_unsneaky_path_e, co_window_cross_3,
          co_window_of_opportunity_c, co_window_of_opportunity_c,
          co_window_4corner_b, glass_columns_a, uniq_sigmund
D:4:      layout_loops_ring, grunt_ministairs_15
D:5:      layout_cave_pools, elyvilon_altar_5, nicolae_ru_sacrificial_ziggurat
D:6:      minmay_chambers_of_fours, layout_basic, ebering_ghost_gozag,
          uniq_eustachio
D:7:      layout_basic, nicolae_yredelemnul_corpse_copse,
          minmay_temple_entry_wispy, uniq_maggie
D:8:      layout_basic, amcnicky_altar_gilded, serial_ice, serial_ice_g,
          serial_ice_b, serial_ice_m, serial_ice_e, uniq_prince_ribbit1,
          uniq_erica
D:9:      layout_rooms, tgw_xom, zombieorc2_lemuel, enter_bailey_4, uniq_harold
D:10:     layout_basic, minivault_11, uniq_urug, uniq_erolcha
D:11:     layout_basic, lair_entry_dummy, serial_curves, eino_curves_02,
          eino_curves_03, portal_ice_cave_entry_pillars_2
D:12:     layout_grid_maze, kennysheep_generic_room_2, uniq_fannar, uniq_rupert
D:13:     evilmike_diamond_1, layout_basic
D:14:     layout_basic, ximxim_vaults_locker_room,
          hangedman_decor_clover_reticule, uniq_louise, uniq_jorgrun, uniq_snorg
D:15:     gammafunk_depths_entry_grave, layout_cross,
          chequers_serial_rivers_micro_a, gammafunk_ghost_split, door_vault,
          uniq_agnes
Temple:   kb_temple_of_zot
Lair:1:   layout_cave_pods, lemuel_fruit_tree, lemuel_fruit_fields,
          lemuel_fruit_fields, grunt_megastairs_5
Lair:2:   layout_regular_city, basic_altar
Lair:3:   layout_loops_ring, minmay_swamp_entry_worms,
          spider_nest_entry_funnel_web, grunt_megastairs_2,
          infiniplex_staircase_pool, serial_bayou_shore_b
Lair:4:   layout_gridlike, nicolae_lair_lil_pond, nicolae_quartered_pool_little,
          grunt_megastairs_3, infiniplex_staircase_pool_2
Lair:5:   layout_regular_city, minmay_slime_entry_jelly_boxes, st_stairs_9,
          disabler_island
Lair:6:   minmay_lair_end_enchanted_forest, layout_small_grid,
          serial_bayou_shore_b, lemuel_fruit_fields
Swamp:1:  nicolae_swamp_standing_stones, layout_basic_swamp,
          nicolae_swamp_ascending_descending_big
Swamp:2:  layout_basic_swamp, evilmike_swamp_ruin_house_4, swamp_pool2,
          hangedman_swamp_double_dragon
Swamp:3:  layout_falls_marsh, evilmike_swamp_ruin_house_2
Swamp:4:  byrel_swamp_growth_death_and_undeath, layout_basic_swamp,
          uniq_bai_suzhen
Spider:1: layout_spider_delve, uniq_donald, uniq_azrael, uniq_nikola
Spider:2: layout_chambers
Spider:3: layout_spider_delve, nicolae_spider_cling_halls
Spider:4: grunt_spider_rune_circles
Orc:1:    layout_caves, serial_shops, shop_statue, uniq_maurice
Orc:2:    pubby_orc_utopia
Elf:1:    eino_elf_arrival_customs, layout_gridlike, minmay_elf_sorcery,
          hex_intersection, laboratory, minmay_shop_grove
Elf:2:    elven_hall_of_blades_hangedman_original [nicolae_blade_lattice],
          layout_geoelf_octagon, gammafunk_ghost_wrathful_warriors,
          kilobyte_mutagenic_chamber

Skill      XL: |  1  2  3  4  5  6  7  8  9 10 11 12 13 14 15 16 17 18 19 |
---------------+----------------------------------------------------------+-----
Stealth        | 1 2 |  2.0
Fighting       | 2 3 5 7 8 10 11 12 13 14 | 14.7
Evocations     | 4 5 6 7 9 10 11 12 13 14 | 14.7
Long Blades    | 1 4 6 8 9 11 14 | 14.0
Armour         | 2 3 5 6 7 10 | 10.0
Dodging        | 2 5 7 8 |  8.5
Shields        | 3 4 5 9 10 12 13 | 13.7
Slings         | 6 9 12 14 15 | 15.9
Polearms       | |  1.0
Throwing       | |  1.7
Invocations    | |  1.2

Action                   |  1- 3 |  4- 6 |  7- 9 | 10-12 | 13-15 | 16-18 | 19-21 || total
-------------------------+-------+-------+-------+-------+-------+-------+-------++-------
Melee: Spear             |    47 |       |       |       |       |       |       ||    47
       Short sword       |    71 |    34 |       |       |       |       |       ||   105
       Falchion          |       |    72 |   364 |    56 |       |       |       ||   492
       Tailslap          |       |    10 |    56 |    84 |   145 |   182 |    44 ||   521
       Scimitar          |       |       |       |   468 |   728 |   843 |   199 ||  2238
       Fustibalus        |       |       |       |       |     1 |       |       ||     1
       Headbutt          |       |       |       |       |       |       |    16 ||    16
 Fire: Fustibalus        |       |       |       |   299 |   811 |  1163 |    89 ||  2362
Throw: Dart              |    38 |    46 |    26 |     1 |       |       |       ||   111
       Throwing net      |       |       |       |       |       |     3 |       ||     3
Invok: Potion Petition   |       |       |       |       |     2 |     1 |     2 ||     5
       Call Merchant     |       |       |       |       |       |     4 |       ||     4
Evoke: Wand              |       |     9 |    43 |    44 |    17 |    32 |       ||   145
       Condenser vane    |       |       |       |     1 |     5 |    11 |       ||    17
       Lightning rod     |       |       |       |       |    18 |    21 |       ||    39
       Phantom mirror    |       |       |       |       |     3 |     6 |       ||     9
       Box of beasts     |       |       |       |       |     4 |     7 |     1 ||    12
  Use: Scroll            |       |     9 |    10 |    12 |     8 |     5 |       ||    44
       Potion            |       |       |     3 |     1 |     3 |    10 |     9 ||    26
 Stab: Sleeping          |     3 |       |     1 |       |       |       |       ||     4
       Distracted        |       |       |     1 |     8 |     5 |     9 |     3 ||    26
       Invisible         |       |       |       |       |     2 |     1 |    18 ||    21
       Petrified         |       |       |       |       |     2 |       |       ||     2
       Paralysed         |       |       |       |       |       |     7 |       ||     7
       Held in net/web   |       |       |       |       |       |     1 |       ||     1
Armor: Robe              |    14 |       |       |       |       |       |       ||    14
       Scale mail        |    13 |    48 |    44 |       |       |       |       ||   105
       Skin              |       |       |    24 |       |       |       |       ||    24
       Acid dragon scale |       |       |    35 |   124 |    81 |       |       ||   240
       Plate armour      |       |       |       |       |   232 |    31 |       ||   263
       Fire dragon scale |       |       |       |       |       |   424 |    29 ||   453
Dodge: Dodged            |    33 |    30 |    99 |   134 |   223 |   324 |    32 ||   875
Block: Buckler           |    48 |    58 |   163 |   380 |   818 |    93 |       ||  1560
       Reflection        |       |       |       |     2 |    45 |    33 |    24 ||   104
       Kite shield       |       |       |       |       |       |  1415 |   226 ||  1641

Table legend: (Time is in decaauts)
 A = Elapsed time spent in this place.
 B = Non-inter-level travel time spent in this place.
 C = Inter-level travel time spent in this place.
 D = Time resting spent in this place.
 E = Time spent auto-exploring this place.
 F = Levels seen in this place.
 G = Mean time per level.
                   A        B        C        D        E       F      G
               +--------+--------+--------+--------+--------+-----+--------+
         Total |  51613 |  47993 |   3620 |   1848 |  35662 |  36 | 1433.7 |
       Dungeon |  20804 |  18766 |   2038 |    847 |  13825 |  15 | 1386.9 |
        Temple |    107 |    104 |      3 |      0 |     80 |   1 |  107.0 |
          Lair |   8463 |   7817 |    646 |     41 |   6415 |   6 | 1410.5 |
         Swamp |   5918 |   5762 |    156 |     60 |   4607 |   4 | 1479.5 |
   Spider Nest |   6481 |   6250 |    231 |    238 |   4667 |   4 | 1620.2 |
  Orcish Mines |   3873 |   3544 |    329 |    174 |   2224 |   2 | 1936.5 |
   Elven Halls |   3883 |   3669 |    214 |    146 |   2838 |   2 | 1941.5 |
        Bailey |   1399 |   1399 |      0 |      0 |    934 |   1 | 1399.0 |
      Ice Cave |    680 |    680 |      0 |    341 |     70 |   1 |  680.0 |
               +--------+--------+--------+--------+--------+-----+--------+

Top non-repeatable levels by time:
   Orc:2: 3164 daAuts
 Swamp:4: 2383 daAuts
   Elf:1: 2222 daAuts
  Lair:3: 2098 daAuts
     D:2: 2085 daAuts
Spider:2: 1911 daAuts
  Lair:6: 1895 daAuts
Spider:4: 1887 daAuts
     D:3: 1879 daAuts
     D:6: 1822 daAuts
   Elf:2: 1661 daAuts
    D:13: 1649 daAuts
    D:12: 1510 daAuts
    D:10: 1469 daAuts
    D:11: 1457 daAuts
